 Dungeon Crawl Stone Soup version 0.18-a0-1688-gcd67086 (webtiles) character file.

56 MuMo the Slasher (level 3, -4/27 HPs)
             Began as a Demonspawn Gladiator on Apr 23, 2016.
             Slain by a gnoll
             ... wielding a +0 spear
              (8 damage)
             ... on level 2 of the Dungeon.
             The game lasted 00:02:53 (1396 turns).

MuMo the Slasher (Demonspawn Gladiator)             Turns: 1396, Time: 00:02:53

Health: -4/27      AC:  4    Str: 15    XL:     3   Next: 71%
Magic:  3/3        EV: 12    Int:  9    God:
Gold:   79         SH:  3    Dex: 14    Spells: 0 memorised, 2 levels left

rFire  . . .     SeeInvis .     m - +1 short sword (venom)
rCold  . . .     Gourm    .     b - +0 leather armour
rNeg   . . .     Faith    .     a - +0 buckler (curse)
rPois  .         Spirit   .     c - +0 helmet
rElec  .         Dismiss  .     (no cloak)
rCorr  .         Reflect  .     (no gloves)
SustAt .         Harm     .     (no boots)
MR     .....                    (no amulet)
Stlth  ++........               (no ring)
                                (no ring)

@: not resistant to hostile enchantments, unstealthy
A: nightstalker 1
a: no special abilities


You were on level 2 of the Dungeon.
You were not hungry.

You visited 1 branch of the dungeon, and saw 2 of its levels.

You collected 79 gold pieces.

Inventory:

Hand Weapons
 m - a +1 short sword of venom (weapon)
Missiles
 d - 3 throwing nets (quivered)
Armour
 a - a cursed +0 buckler (worn)
 b - a +0 leather armour (worn)
 c - a +0 helmet (worn)
Scrolls
 h - a scroll of identify {unknown}
 i - a scroll of magic mapping {unknown}
 j - a scroll of fog {unknown}
 k - 2 scrolls of remove curse {unknown}
 n - a scroll of fear {unknown}
Potions
 e - a potion of agility {unknown}
 g - 2 potions of haste {unknown}
 l - 2 potions of curing {unknown}
Comestibles
 f - 2 bread rations


   Skills:
 + Level 2.1 Fighting
   Level 3.3 Long Blades
 - Level 1.9 Throwing
 + Level 1.1 Armour
 + Level 3.1 Dodging
 * Level 0.4 Stealth
 * Level 0.1 Shields


You had 2 spell levels left.
You didn't know any spells.

Dungeon Overview and Level Annotations

Branches:
Dungeon (2/15)

Altars:


Innate Abilities, Weirdness & Mutations

You are slightly more attuned to the shadows.


Message History

The gnoll shouts! x2
You closely miss the gnoll.
The gnoll shouts!
You block the gnoll's attack.
You completely miss the gnoll. You block the gnoll's attack.
A giant cockroach comes into view.
You barely miss the gnoll.
The gnoll hits you from afar with a spear.
The gnoll hits you with a flail!
You completely miss the gnoll. The gnoll closely misses you.
The gnoll hits you from afar with a spear!
The gnoll hits you with a club.
* * * LOW HITPOINT WARNING * * *
The gnoll barely misses you.
Unknown command.
The gnoll misses you. The gnoll hits you with a club.
* * * LOW HITPOINT WARNING * * *
The gnoll hits you from afar with a spear!
You die...

###. ###########....
##...........#####
..................
.............#....
........)..###...
.#.........#...# ##
##<...........#####...#
#...........##.@....#
##.........#.##g###....
####..##.#.#..gg## ## #
#...##.........##
###.........#.....#
##..#...............#
#...................#
....................#
...†.................#


You could see 3 gnolls.

Vanquished Creatures
  An ooze (D:1)
  A worm (D:2)
  2 giant geckos
  6 bats
  2 giant cockroaches
  6 goblins
  6 hobgoblins
  4 jackals
  8 kobolds
  2 giant newts (D:1)
  6 rats
44 creatures vanquished.

Notes
Turn   | Place    | Note
--------------------------------------------------------------
     0 | D:1      | MuMo the Demonspawn Gladiator began the quest for the Orb.
     0 | D:1      | Reached XP level 1. HP: 16/16 MP: 1/1
   119 | D:1      | Gained mutation: You are slightly more attuned to the shadows. [demonic ancestry]
   119 | D:1      | Reached XP level 2. HP: 13/22 MP: 2/2
   769 | D:1      | Reached XP level 3. HP: 24/27 MP: 3/3
   972 | D:2      | Reached skill level 1 in Armour
  1396 | D:2      | Slain by a gnoll

Vault maps used:
D:1:      eino_arrival_cavern_c
D:2:      uniq_natasha

Skill      XL: |  1  2  3 |
---------------+----------+-----
Long Blades    | 3 |  3.3
Dodging        | 3 |  3.1
Armour         | 1 |  1.1
Fighting       | |  2.1
Throwing       | |  1.9
Stealth        | |  0.4
Shields        | |  0.1

Action                   || total
-------------------------++-------
Melee: Long sword        ||   101
       Dagger            ||    11
       Short sword       ||    31
  Use: Potion            ||     1
 Stab: Sleeping          ||     2
  Eat: Chunk             ||     2
